 Dungeon Crawl Stone Soup version 0.30-a0-29-g142975f185 (webtiles) character file.

Game seed: 1935863781505389599

341119 zishaf the Earth Mage (level 20, -3/184 HPs)
             Began as a Demigod Wanderer on Aug 25, 2022.
             Slain by a death yak (10 damage)
             ... summoned by a spriggan berserker
             ... on level 3 of the Depths on Aug 26, 2022.
             The game lasted 02:31:43 (68796 turns).

zishaf the Earth Mage (Demigod Wanderer)           Turns: 68796, Time: 02:31:43

Health: -3/184     AC: 20    Str: 16    XL:     20   Next: 23%
Magic:  4/40       EV: 14    Int: 42    God:
Gold:   5572       SH: 25    Dex: 10    Spells: 12/41 levels left

rFire   + + +      SeeInvis .    Z - staff of earth
rCold   + + +      Faith    .    E - +8 tower shield {rC+}
rNeg    . . .      Spirit   .    b - +3 leather armour {rC+ rF+}
rPois   .          Reflect  .    o - +2 hat
rElec   .          Harm     .    k - +2 cloak {Will+}
rCorr   +          Rampage  +    X - +0 pair of gloves
Will    +++..                    z - +1 pair of boots {rampage}
Stlth   +.........               s - amulet of the acrobat
HPRegen 0.40/turn                V - ring of Tyon {rCorr AC+4 Str+4}
MPRegen 0.27/turn                a - ring of the Octopus King {rF+ HP+2 AC+2 EV+2 SH+2}

@: about to teleport, studying 2 skills
A: high MP 1, forlorn, divine attributes, talons 1, cold resistance 1, fire
resistance 1
}: 2/15 runes: decaying, gossamer
a: no special abilities


You were on level 3 of the Depths.
You visited 6 branches of the dungeon, and saw 33 of its levels.
You also visited: Bailey, Ice Cave and Wizlab.

You collected 6047 gold pieces.
You spent 475 gold pieces at shops.

Inventory:

Missiles
 h - 2 throwing nets (quivered)
Armour
 b - a +3 leather armour of resistance (worn)
 k - a +2 cloak of willpower (worn)
 o - a +2 hat (worn)
 q - the -2 hat of the Alchemist {rElec rPois rF+ rC+ rN+ Will+ rMut rCorr}
   (You found it in a wizard's laboratory)

   rF:        It protects you from fire.
   rC:        It protects you from cold.
   rElec:     It insulates you from electricity.
   rPois:     It protects you from poison.
   rN:        It protects you from negative energy.
   rCorr:     It protects you from acid and corrosion.
   rMut:      It protects you from mutation.
   Will:      It increases your willpower.
 z - a +1 pair of boots of rampaging (worn)
 E - a +8 tower shield of cold resistance (worn)
 X - a +0 pair of gloves (worn)
Magical Staves
 Z - a staff of earth (weapon)
Jewellery
 a - a ring of the Octopus King (right hand) {rF+ HP+2 AC+2 EV+2 SH+2}
   (You found it on level 5 of the Lair of Beasts)

   [ring of protection from fire]

   AC:        It affects your AC (+2).
   EV:        It affects your evasion (+2).
   rF:        It protects you from fire.
   HP:        It affects your health (+2).
   SH:        It affects your SH (+2).
 g - a ring of see invisible
 s - an amulet of the acrobat (around neck)
 V - the ring of Tyon (left hand) {rCorr AC+4 Str+4}
   (You acquired it on level 1 of the Swamp)

   [ring of protection]

   AC:        It affects your AC (+4).
   Str:       It affects your strength (+4).
   rCorr:     It protects you from acid and corrosion.
Wands
 d - a wand of charming (32)
 n - a wand of digging (2)
 t - a wand of flame (38)
 u - a wand of light (9)
 B - a wand of mindburst (18)
 C - a wand of polymorph (24)
 D - a wand of iceblast (3)
Scrolls
 e - 15 scrolls of teleportation
 f - 6 scrolls of brand weapon
 j - 3 scrolls of immolation
 l - 10 scrolls of enchant weapon
 m - 6 scrolls of blinking
 w - 2 scrolls of fog
 J - 3 scrolls of fear
 N - 7 scrolls of summoning
 R - 3 scrolls of silence
 U - 4 scrolls of magic mapping
 W - a scroll of poison
Potions
 c - 11 potions of curing
 i - 6 potions of might
 r - 3 potions of cancellation
 v - 5 potions of flight
 x - 12 potions of haste
 A - 8 potions of brilliance
 F - 10 potions of ambrosia
 G - 21 potions of mutation
 K - 4 potions of lignification
 L - 8 potions of heal wounds
 M - 7 potions of resistance
 O - 3 potions of magic
 T - 2 potions of invisibility
Miscellaneous
 p - a condenser vane
 y - a box of beasts
 P - a tin of tremorstones (2/2)
 Q - a phantom mirror
 Y - a lightning rod (4/4)


   Skills:
 + Level 16.4 Fighting
 - Level 1.0 Throwing
 - Level 3.0 Armour
 - Level 12.0 Dodging
 + Level 10.2 Shields
 - Level 11.0 Spellcasting
 + Level 11.6 Conjurations
 - Level 1.7 Summonings
 - Level 12.0 Necromancy
 - Level 12.0 Transmutations
 + Level 17.9 Earth Magic
 - Level 4.0 Evocations


You had 12 spell levels left.
You knew the following spells:

 Your Spells              Type           Power      Damage    Failure   Level
a - Iron Shot             Conj/Erth      61%        9d11      3%          6
b - Borgnjor's Vile Clut  Necr/Erth      61%        N/A       1%          5
c - Stone Arrow           Conj/Erth      100%       3d13      1%          3
d - Lehudib's Crystal Sp  Conj/Erth      61%        10d14     85%         8
e - Sandblast             Erth           100%       2d20      0%          1
A - Statue Form           Tmut/Erth      81%        N/A       3%          6

Your spell library contained the following spells:

 Spells                   Type           Power      Damage    Failure   Level
 Foxfire                  Conj/Fire      100%       2x1d9     1%          1
 Magic Dart               Conj           100%       1d8       1%          1
 Necrotise                Necr           100%       1d9       1%          1
 Shock                    Conj/Air       100%       1d9       1%          1
 Sting                    Tmut/Pois      100%       1d8       1%          1
 Passwall                 Tmut/Erth      100%       N/A       1%          2
 Searing Ray              Conj           100%       2d8       1%          2
 Vampiric Draining        Necr           89%        2d12      1%          3
 Animate Armour           Summ/Erth      100%       N/A       1%          4
 Animate Dead             Necr           89%        N/A       1%          4
 Petrify                  Tmut/Erth      100%       N/A       1%          4
 Agony                    Necr           89%        N/A       1%          5
 Blade Hands              Tmut           44%        N/A       1%          5
 Conjure Flame            Conj/Fire      64%        6-21      2%          3
 Dazzling Flash           Conj/Hex       100%       N/A       2%          3
 Spider Form              Tmut/Pois      65%        N/A       2%          3
 Leda's Liquefaction      Hex/Erth       49%        N/A       2%          4
 Irradiate                Conj/Tmut      44%        3d26      2%          5
 Iskenderun's Battlesphe  Conj           88%        2d14      2%          5
 Summon Small Mammal      Summ           100%       N/A       4%          1
 Mephitic Cloud           Conj/Pois/Air  54%        N/A       6%          3
 Call Imp                 Summ           37%        N/A       8%          2
 Anguish                  Hex/Necr       32%        N/A       9%          4
 Ice Form                 Ice/Tmut       65%        N/A       9%          4
 Flame Wave               Conj/Fire      64%        2d15      10%         4
 Fulminant Prism          Conj/Hex       32%        3d16      10%         4
 Hailstorm                Conj/Ice       64%        3d14      10%         4
 Iskenderun's Mystic Bla  Conj/Tloc      64%        2d13      10%         4
 Slow                     Hex            92%        N/A       11%         1
 Death Channel            Necr           44%        N/A       12%         6
 Blink                    Tloc           46%        N/A       16%         2
 Poisonous Vapours        Pois/Air       46%        N/A       16%         2
 Corpse Rot               Necr/Pois/Air  54%        N/A       21%         4
 Summon Guardian Golem    Hex/Summ       30%        N/A       22%         3
 Yara's Violent Unravell  Hex/Tmut       32%        3d13      24%         5
 Confusing Touch          Hex            23%        N/A       30%         3
 Gell's Gravitas          Tloc           23%        N/A       30%         3
 Inner Flame              Hex/Fire       23%        N/A       30%         3
 Lesser Beckoning         Tloc           23%        N/A       30%         3
 Portal Projectile        Hex/Tloc       46%        N/A       30%         3
 Swiftness                Air            23%        N/A       30%         3
 Teleport Other           Tloc           23%        N/A       30%         3
 Tukima's Dance           Hex            23%        N/A       30%         3
 Dragon Form              Tmut           44%        N/A       54%         7
 Summon Ice Beast         Ice/Summ       30%        N/A       58%         4
 Orb of Destruction       Conj           44%        9d12      58%         7
 Airstrike                Air            11%        2d(2-18)  71%         4
 Cause Fear               Hex            11%        N/A       71%         4
 Eringya's Noxious Bog    Tmut/Pois      32%        N/A       80%         6
 Simulacrum               Ice/Necr       32%        N/A       80%         6
 Starburst                Conj/Fire      32%        6d10      82%         6
 Summon Forest            Summ/Tloc      15%        N/A       90%         5
 Summon Mana Viper        Hex/Summ       30%        N/A       90%         5
 Manifold Assault         Tloc           23%        N/A       96%         5
 Metabolic Englaciation   Hex/Ice        11%        N/A       96%         5
 Silence                  Hex/Air        11%        N/A       96%         5
 Haunt                    Necr/Summ      34%        N/A       99%         7
 Spellforged Servitor     Conj/Summ      34%        N/A       99%         7
 Dispersal                Tloc           11%        N/A       100%        6
 Monstrous Menagerie      Summ           18%        N/A       100%        7
 Storm Form               Tmut/Air       32%        N/A       100%        7
 Summon Hydra             Summ           18%        N/A       100%        7
 Dragon's Call            Summ           18%        N/A       100%        9


Dungeon Overview and Level Annotations

Branches:
Dungeon (15/15)            Temple (0/1) D:5            Lair (5/5) D:9
  Swamp (4/4) Lair:2       Spider (4/4) Lair:2        Slime (0/5) Lair:4
    Orc (2/2) D:11            Elf (0/3) Orc:2        Vaults (0/5) D:14
 Depths (3/4) D:15         Bailey (visited)           IceCv (visited)
 WizLab (visited)

Shops:
D:3 [   D:7 *(?(   D:10 *   D:11 =   Orc:2 [((

Portals:
Hell: Depths:1 Depths:2
Abyss: Depths:3
Pandemonium: Depths:2
Ziggurat: Depths:1

Annotations:
Depths:2 2 transporters, uglyjohn's ghost, adept MiFi


Innate Abilities, Weirdness & Mutations

You have an increased reservoir of magic. (+10% MP)
You shall have no god before yourself.
Your divine heritage dramatically boosts your attributes as you level up.
You have sharp toenails.
Your flesh is cold resistant. (rC+)
Your flesh is heat resistant. (rF+)


Message History

The deep troll claws you but does no damage.
You block the deep troll shaman's attack.
The deep troll shaman closely misses you.
The deep troll shaman claws you.
* * * LOW HITPOINT WARNING * * *
The death yak gores you but does no damage.
Unknown command.
You feel much better.
You block the spriggan berserker's attack.
You block the deep troll's attack. x3; The death yak gores you!
* * * LOW HITPOINT WARNING * * *
A deep elf zephyrmancer comes into view.
It is wielding a +0 long sword.
The deep troll shaman bites you.
* * * LOW HITPOINT WARNING * * *
The deep troll shaman claws you but does no damage.
The deep troll shaman barely misses you.
A wizard comes into view. It is wielding a +0 dagger.
The spriggan berserker barely misses you.
Casting: Borgnjor's Vile Clutch (mildly dangerous; 1% risk of failure)
Confirm with . or Enter, or press ? or * to list all spells.
Aiming: Borgnjor's Vile Clutch (mildly dangerous; 1% risk of failure)
Press: ? - help, Shift-Dir - straight line, f/p - spriggan berserker
Aim: a spriggan berserker, wielding a +1 antimagic flail and wearing a +0 animal skin (almost dead, berserk, 100% to hit)
You feel a surge of power!
Zombie hands grab the spriggan berserker.
The zombie hands constrict the spriggan berserker!
You block the deep troll's attack. x2; The deep troll closely misses you.
The death yak gores you!!
* * * LOW HITPOINT WARNING * * *
The spriggan rider unwields a +0 arbalest.
You block the spriggan rider's attack.
You block the spriggan berserker's attack.
The deep troll barely misses you. The deep troll closely misses you.
The deep troll claws you but does no damage.
The deep troll shaman bites you!!
* * * LOW HITPOINT WARNING * * *
The deep troll shaman misses you.
The deep troll shaman claws you but does no damage.
The death yak gores you!
You die...

....#8.8#.......####.#
....#####............#
........#............#
........#............#
........#............#####'
.....####.............)....
....∩.###..........†...[...
....#........#.TTY.†..p[...
....'...........@i....e..).
....##......#....i.........
...........................
...........................
.....#########...###.......
.....# + ##.## .......
.....#.# ## ...... ...#'#.#
.. ...'.'.#


You could see a death yak (summoned, berserk), a spriggan rider, a deep troll
(fast, strong), a spriggan berserker (berserk, clutched), a deep troll shaman, a
wizard and a deep elf zephyrmancer.

Vanquished Creatures
  Sojobo (Depths:1)
  the Lernaean hydra (Swamp:4)
  A shard shrike (IceCv)
  A mutant beast (WizLab)
  Arachne (Spider:2)
  Jorgrun (Swamp:3)
  Rupert (Lair:2)
  A lich (Depths:2)
  A tentacled monstrosity (Depths:3)
  A sphinx (Depths:2)
  Gastronok (D:8)
  2 tengu reavers (Depths:1)
  Kirke (Lair:4)
  2 fenstrider witches
  3 fire giants
  3 orc warlords
  A frost giant (Depths:2)
  5 ghost moths
  6 emperor scorpions
  2 deep elf elementalists (Orc:1)
  3 broodmothers (Spider:3)
  15 very ugly things
  An angel (Depths:2)
  An ironbound preserver (D:14)
  10 stone giants
  5 eleionomae
  The ghost of SirDiesAlot the Basher, a journeyman GrGl of Vehumet (Swamp:1)
  The ghost of iguanaiguana the Marksspriggan, a journeyman SpHu of Fedhas (Swamp:1)
  A deep elf annihilator (Orc:1)
  9 spark wasps
  15 bunyips
  6 entropy weavers
  A white draconian (IceCv)
  The ghost of MisterPants the Spry, a journeyman FeSu of Gozag (Swamp:4)
  3 ettins
  3 fire dragons
  The ghost of Pilot the Blocker, a journeyman TrFi of Gozag (Lair:1)
  Josephine (Orc:1)
  A shambling mangrove (Swamp:3)
  4 ogre magi
  6 ghost crabs
  9 ice dragons
  22 hydras
  A jorogumo (Spider:2)
  4 boulder beetles
  2 rakshasas
  3 spriggan air magi (Depths:3)
  A merfolk avatar (Lair:5)
  3 ironbound frosthearts (IceCv)
  An anaconda (D:12)
  A radroach (Spider:3)
  A two-headed ogre (shapeshifter) (WizLab)
  4 centaur warriors
  A catoblepas (D:14)
  26 two-headed ogres
  9 alligators
  3 deep troll shamans
  3 tengu warriors
  A death knight (D:14)
  2 vampire magi
  A titan zombie (Depths:3)
  2 deep troll earth magi
  6 orc high priests
  A hell knight (Depths:1)
  5 spriggan berserkers
  The ghost of Zonian the Covert, a journeyman FeTm of Dithmenos (D:11)
  Sonja (Lair:4)
  Urug (Lair:3)
  3 iron trolls (Depths:2)
  Amaemon (Lair:3)
  2 fire crabs (shapeshifter) (WizLab)
  A titan skeleton (Depths:3)
  8 steelbarb worms
  6 pharaoh ants
  5 goliath frogs
  An orange crystal statue (IceCv)
  A glowing orange brain (D:14)
  2 spriggan druids (Swamp:2)
  3 sun moths
  A golden dragon zombie (Depths:3)
  2 sea snakes (Lair:5)
  An orb spider (shapeshifter) (WizLab)
  15 bog bodies
  7 orb spiders
  2 wizards (Depths:3)
  11 orc knights
  A spriggan simulacrum (Depths:2)
  4 deep elf zephyrmancers (Orc:1)
  16 deep trolls
  2 harpies (shapeshifter) (WizLab)
  13 swamp dragons
  3 necromancers
  A frost giant zombie (Depths:2)
  6 deep elf pyromancers
  4 cyclopes
  7 large abominations (WizLab)
  23 wolf spiders
  A harpy (Lair:5)
  2 will-o-the-wisps
  47 ugly things
  8 orc sorcerers
  An iron dragon zombie (Depths:2)
  3 manticores
  4 moths of wrath
  4 oklob plants
  7 slime creatures
  A shining eye (shapeshifter) (WizLab)
  12 elephants
  5 centaur zombies (D:10)
  A black mamba (shapeshifter) (WizLab)
  An orange demon (Lair:3)
  A gargoyle (D:14)
  2 black mambas
  3 torpor snails
  13 cane toads
  A rime drake (shapeshifter) (WizLab)
  An unseen horror zombie (D:10)
  7 demonic crawlers
  18 rime drakes
  An efreet (D:15)
  10 komodo dragons
  An unseen horror (D:7)
  2 yaktaurs (shapeshifter) (WizLab)
  An unseen horror (shapeshifter) (WizLab)
  A freezing wraith (D:14)
  3 tengu conjurers
  2 queen bees (shapeshifter)
  A kobold demonologist (D:10)
  A silent spectre (Orc:1)
  2 bloated husks (Swamp:2)
  2 komodo dragons (shapeshifter) (WizLab)
  16 trolls
  A sphinx simulacrum (Depths:3)
  5 meliai (shapeshifter) (WizLab)
  3 polar bears (shapeshifter) (WizLab)
  A tengu simulacrum (Depths:2)
  A wolf spider simulacrum (D:15)
  23 polar bears
  6 meliai
  25 tarantellas
  A wind drake (Lair:5)
  13 hornets
  A snapping turtle (shapeshifter) (WizLab)
  A dream sheep (Lair:1)
  2 blink frogs (shapeshifter) (WizLab)
  29 blink frogs
  An iron dragon simulacrum (Depths:2)
  A snapping turtle (Lair:5)
  10 tyrant leeches
  A shadow (D:12)
  24 culicivoras
  A culicivora (shapeshifter) (WizLab)
  A water elemental (D:14)
  25 jumping spiders
  Sigmund (D:6)
  A wyvern (shapeshifter) (D:13)
  11 spriggans
  3 wraiths
  3 hogs (Lair:4)
  60 yaks
  An unseen horror simulacrum (D:10)
  6 basilisks
  A fire bat (shapeshifter) (D:15)
  A human (shapeshifter) (WizLab)
  6 wyverns
  A golden eye (shapeshifter) (WizLab)
  A human (WizLab)
  Grum (D:8)
  3 steam dragons (Lair:5)
  21 vampire mosquitoes
  An iron golem (WizLab)
  47 redbacks
  Menkaure (D:7)
  3 wargs (Orc:2)
  12 swamp worms
  A water moccasin (shapeshifter) (WizLab)
  A glowing shapeshifter zombie (Depths:2)
  3 acid dragons
  A floating eye (shapeshifter) (WizLab)
  16 water moccasins
  4 floating eyes (WizLab)
  A glowing shapeshifter skeleton (Depths:3)
  10 swamp drakes
  2 black bears
  69 orc warriors
  4 ice beasts
  A meliai simulacrum (D:14)
  A sky beast (D:7)
  The ghost of baller8008 the Trooper, an amateur NaFi of Yredelemnul (D:3)
  17 ogres
  3 wolves (D:8)
  10 centaurs
  2 phantoms
  7 kobold brigands
  3 scorpions
  16 bullfrogs
  4 necrophages
  6 small abominations (WizLab)
  22 wights
  8 killer bees
  An electric eel (D:14)
  7 howler monkeys
  4 jellies
  31 orc priests
  3 gnoll boudas
  2 hounds
  2 human zombies
  2 centaur skeletons (D:10)
  22 orc wizards
  3 iguanas
  3 hell rats (Lair:1)
  2 mummies (D:10)
  2 howler monkey zombies (D:10)
  8 gnolls
  6 river rats (Lair:1)
  5 adders
  A shadow imp (D:6)
  A white imp (D:6)
  2 dart slugs
  128 orcs
  2 ball pythons
  6 endoplasms
  2 giant cockroaches
  9 goblins
  12 hobgoblins
  6 jackals (D:2)
  49 kobolds
  2 quokkas (D:1)
  3 bats
  15 rats
1493 creatures vanquished.

Vanquished Creatures (collateral kills)
  A redback (Spider:2)
1 creature vanquished.

Vanquished Creatures (others)
  A ghost moth (Spider:4)
  An ice dragon (Depths:1)
  A manticore (D:13)
  A tyrant leech (Swamp:4)
  A polar bear (IceCv)
  A bloated husk (Swamp:2)
  A spriggan (Swamp:4)
  A human (Lair:4)
  2 orcs (Orc:1)
  12 foxfires
  43 fungi
  54 plants
119 creatures vanquished.

Grand Total: 1613 creatures vanquished

Notes
Turn   | Place    | Note
-------+----------+-------------------------------------------
     0 | D:1      | zishaf the Demigod Wanderer began the quest for the Orb.
     0 | D:1      | zishaf set off with the following items: a +0 dagger, 9
                  | poisoned darts, a potion of curing, a +0 robe; and the
                  | following spells available to memorise: Sandblast, Summon
                  | Small Mammal, Passwall, Summon Guardian Golem, Leda's
                  | Liquefaction.
     0 | D:1      | Reached XP level 1. HP: 14/14 MP: 4/4
    77 | D:1      | Learned a level 1 spell: Sandblast
   430 | D:1      | Reached skill level 1 in Fighting
   430 | D:1      | Reached skill level 3 in Earth Magic
   433 | D:1      | Reached XP level 2. HP: 23/23 MP: 1/5
  1012 | D:2      | Reached XP level 3. HP: 29/29 MP: 3/6
  1375 | D:2      | Reached XP level 4. HP: 37/37 MP: 5/8
  2032 | D:3      | Found Pagoch's Armour Emporium.
  2099 | D:3      | Reached skill level 4 in Earth Magic
  2395 | D:3      | Reached XP level 5. HP: 45/45 MP: 6/9
  2432 | D:3      | Found a runed translucent gate.
  2432 | D:3      | Found a runed translucent gate.
  2434 | D:3      | Found a runed translucent gate.
  2434 | D:3      | Noticed baller8008's ghost (amateur NaFi)
  3160 | D:4      | Noticed an ogre
  3166 | D:4      | Killed an ogre
  3167 | D:4      | Reached skill level 5 in Earth Magic
  3167 | D:4      | Reached XP level 6. HP: 52/52 MP: 5/10
  3381 | D:4      | Identified the +4 ring mail "Lisi" {rF+ rC+ Str-5 Int+6
                  | SInv}
  4237 | D:3      | Bought a +1 kite shield of protection for 198 gold pieces
  4261 | D:5      | Entered Level 5 of the Dungeon
  4263 | D:5      | Noticed a water moccasin
  4271 | D:5      | Killed a water moccasin
  4272 | D:5      | Reached skill level 1 in Shields
  4272 | D:5      | Reached XP level 7. HP: 52/60 MP: 11/11
  4543 | D:5      | Reached skill level 5 in Fighting
  4601 | D:5      | Reached skill level 6 in Earth Magic
  4747 | D:5      | Noticed a wyvern
  4751 | D:5      | Killed a wyvern
  4884 | D:5      | Reached XP level 8. HP: 70/70 MP: 12/12
  4951 | D:5      | Found a staircase to the Ecumenical Temple.
  5191 | D:5      | Reached skill level 7 in Earth Magic
  5533 | D:6      | Learned a level 5 spell: Borgnjor's Vile Clutch
  5627 | D:6      | Noticed Sigmund
  5629 | D:6      | Killed Sigmund
  5652 | D:6      | Reached skill level 1 in Necromancy
  5795 | D:7      | Found Aziacao's Assorted Antiques.
  5824 | D:7      | Reached XP level 9. HP: 78/78 MP: 14/14
  5824 | D:7      | Found Ifocluam's Antique Weapon Emporium.
  5937 | D:7      | Noticed Menkaure
  6109 | D:7      | Killed Menkaure
  6119 | D:7      | Reached skill level 5 in Shields
  6453 | D:7      | Learned a level 6 spell: Statue Form
  6515 | D:7      | Noticed an unseen horror
  6521 | D:7      | Killed an unseen horror
  6561 | D:7      | Found Peroewih's Magic Scroll Shop.
  6622 | D:7      | Bought a scroll of blinking for 97 gold pieces
  6648 | D:7      | Found Maffatza's Antique Weapon Shop.
  6825 | D:8      | Noticed Gastronok
  6851 | D:8      | Killed Gastronok
  6852 | D:8      | Reached skill level 8 in Earth Magic
  6852 | D:8      | Reached XP level 10. HP: 31/86 MP: 17/17
  7453 | D:8      | Noticed Grum
  7459 | D:8      | Killed Grum
  8101 | D:9      | Found a staircase to the Lair.
  8192 | D:9      | Reached skill level 5 in Necromancy
  8205 | D:9      | Reached skill level 9 in Earth Magic
  8336 | D:9      | Found a flagged portal.
  8479 | Bailey   | Entered a bailey
  8703 | Bailey   | Reached XP level 11. HP: 95/95 MP: 19/19
  8718 | Bailey   | Noticed an orc knight
  8745 | Bailey   | Killed an orc knight
  8746 | Bailey   | Reached skill level 1 in Armour
  8821 | Bailey   | Reached XP level 12. HP: 103/103 MP: 19/20
  8822 | Bailey   | Reached skill level 11 in Earth Magic
  8822 | Bailey   | Reached XP level 13. HP: 108/108 MP: 20/21
  9479 | D:10     | Entered Level 10 of the Dungeon
  9933 | D:10     | Reached skill level 10 in Necromancy
 10139 | D:10     | Found Milucvet's Assorted Antiques.
 10938 | D:10     | Reached XP level 14. HP: 117/118 MP: 20/22
 11030 | D:10     | Reached skill level 12 in Earth Magic
 11114 | D:10     | Identified the +6 arbalest of Circular Logic {freeze,
                  | rElec}
 11446 | D:11     | Learned a level 3 spell: Stone Arrow
 11857 | D:11     | Found Ximmar's Jewellery Shop.
 11897 | D:11     | Found a staircase to the Orcish Mines.
 12158 | D:11     | Identified the +11 quarterstaff of the Gnashing Gods
                  | {flame, rC+ Will+}
 12368 | D:11     | Found a runed translucent gate.
 12371 | D:11     | Found a runed translucent gate.
 12372 | D:11     | Found a runed translucent gate.
 12373 | D:11     | Noticed Zonian's ghost (journeyman FeTm)
 12752 | D:3      | Killed baller8008's ghost
 13001 | Lair:1   | Entered Level 1 of the Lair of Beasts
 13348 | Lair:1   | Found a runed translucent door.
 13352 | Lair:1   | Noticed Pilot's ghost (journeyman TrFi)
 14836 | Lair:1   | Killed Pilot's ghost
 15199 | Lair:2   | Reached skill level 10 in Fighting
 15245 | Lair:2   | Found a hole to the Spider Nest.
 15652 | Lair:2   | Found a staircase to the Swamp.
 16736 | Lair:2   | Reached skill level 5 in Spellcasting
 17094 | Lair:3   | Noticed Rupert
 17096 | Lair:3   | Noticed Amaemon
 17127 | Lair:2   | Killed Rupert
 17285 | Lair:3   | Killed Amaemon
 17961 | Lair:3   | Reached skill level 13 in Earth Magic
 18726 | Lair:4   | Noticed Urug
 18856 | Lair:3   | Killed Urug
 19674 | Lair:4   | Gained mutation: Your spells are a little easier to cast,
                  | but a little less powerful. [potion of mutation]
 19674 | Lair:4   | Gained mutation: You expend magic power (3 MP) to
                  | strengthen your wands. [potion of mutation]
 19674 | Lair:4   | Gained mutation: Your flesh is heat resistant. (rF+)
                  | [potion of mutation]
 19674 | Lair:4   | Gained mutation: Your flesh is cold resistant. (rC+)
                  | [potion of mutation]
 19675 | Lair:4   | Lost mutation: Your spells are a little easier to cast, but
                  | a little less powerful. [potion of mutation]
 19675 | Lair:4   | Lost mutation: You expend magic power (3 MP) to strengthen
                  | your wands. [potion of mutation]
 19675 | Lair:4   | Lost mutation: Your flesh is cold resistant. (rC+) [potion
                  | of mutation]
 19675 | Lair:4   | Gained mutation: Your flesh is cold resistant. (rC+)
                  | [potion of mutation]
 19675 | Lair:4   | Gained mutation: You have sharp toenails. [potion of
                  | mutation]
 19808 | Lair:4   | Noticed Kirke
 19823 | Lair:4   | Noticed a sphinx
 19834 | Lair:4   | Killed Kirke
 20117 | Lair:4   | Found a staircase to the Slime Pits.
 20126 | Lair:4   | Reached XP level 15. HP: 54/128 MP: 28/28
 20386 | Lair:4   | HP: 4/128 [oklob plant/splash of acid (31)]
 21588 | Lair:4   | Noticed Sonja
 21592 | Lair:4   | Killed Sonja
 21945 | Lair:5   | Entered Level 5 of the Lair of Beasts
 22250 | Lair:5   | Reached skill level 10 in Transmutations
 22928 | Lair:5   | Found the ring of the Octopus King
 22984 | Lair:5   | Identified a ring of the Octopus King {rF+ HP+2 AC+2 EV+2
                  | SH+2}
 23858 | Lair:5   | Reached skill level 14 in Earth Magic
 23993 | Lair:5   | Identified the +0 leather armour "Yge Ikli" {+Inv rElec
                  | rCorr Str-4}
 24748 | D:11     | Killed Zonian's ghost
 25054 | D:12     | Learned a level 8 spell: Lehudib's Crystal Spear
 25572 | D:12     | Reached skill level 1 in Conjurations
 27440 | D:14     | Found a frozen archway.
 27544 | IceCv    | Entered an ice cave
 28383 | IceCv    | Identified a scroll of acquirement
 28387 | IceCv    | Acquired a staff of earth
 28871 | IceCv    | Noticed a shard shrike
 28887 | IceCv    | Killed a shard shrike
 29189 | IceCv    | Reached XP level 16. HP: 141/141 MP: 21/30
 29189 | IceCv    | Identified the +5 ring mail "Jeato" {Rampage +Blink rN+
                  | Int+3}
 29828 | D:14     | Identified the +0 leather armour "Sonnapny" {rElec rPois
                  | Str-3}
 30294 | D:14     | Found a gate to the Vaults.
 31652 | D:14     | Found a gate to the Vaults.
 32253 | Orc:1    | Entered Level 1 of the Orcish Mines
 32756 | D:11     | Learned a level 6 spell: Iron Shot
 32971 | D:11     | Reached skill level 15 in Earth Magic
 33404 | D:11     | Reached skill level 5 in Conjurations
 33733 | Orc:1    | Found a transporter.
 33773 | Orc:2    | Entered Level 2 of the Orcish Mines
 34037 | Orc:1    | Noticed Josephine
 34042 | Orc:1    | Killed Josephine
 35706 | Orc:2    | Found Bezom's Magic Scroll Emporium.
 35854 | Orc:2    | Found Suorroan's Antique Armour Shoppe.
 36006 | Orc:2    | Bought an embroidered cloak for 180 gold pieces
 36842 | Orc:2    | Found Plog's Antique Weapon Boutique.
 36975 | Orc:2    | Found Lofrilea's Antique Weapon Shoppe.
 37360 | Orc:2    | Found a staircase to the Elven Halls.
 37832 | Orc:1    | Found a transporter.
 37832 | Orc:1    | Found a runed translucent door.
 37832 | Orc:1    | Found the +8 Wrath of Trog {antimagic, *Rage Rampage}
 38738 | Orc:1    | Identified the +8 great sword of Dishonour {spect, rPois
                  | MP+9 Str-4 Dex+4}
 39254 | D:15     | Entered Level 15 of the Dungeon
 39614 | D:15     | Identified the +3 shortbow of Secsesh {venom, rN+ Str+2
                  | Int+2 Stlth-}
 39763 | D:15     | Reached XP level 17. HP: 150/150 MP: 18/33
 40628 | D:15     | Found a staircase to the Depths.
 41291 | Depths:1 | Entered Level 1 of the Depths
 42128 | Depths:1 | Reached skill level 5 in Dodging
 43116 | Depths:1 | Found a one-way gateway to a ziggurat.
 43397 | Depths:1 | Found a gateway to Hell.
 43410 | Depths:1 | Noticed Sojobo
 43415 | Depths:1 | Paralysed by an air elemental for 1 turns
 43419 | Depths:1 | Paralysed by an air elemental for 1 turns
 43419 | Depths:1 | Killed Sojobo
 43424 | Depths:1 | Reached skill level 16 in Earth Magic
 44153 | Swamp:1  | Entered Level 1 of the Swamp
 44255 | Swamp:1  | Found a runed translucent gate.
 44255 | Swamp:1  | Found a runed translucent gate.
 44255 | Swamp:1  | Found a runed translucent gate.
 44261 | Swamp:1  | Noticed iguanaiguana's ghost (journeyman SpHu)
 44261 | Swamp:1  | Noticed SirDiesAlot's ghost (journeyman GrGl)
 45269 | Swamp:1  | Acquired the ring of Tyon {rCorr AC+4 Str+4}
 45647 | Swamp:1  | Killed iguanaiguana's ghost
 45735 | Swamp:1  | Killed SirDiesAlot's ghost
 45736 | Swamp:1  | Reached XP level 18. HP: 142/161 MP: 5/35
 47200 | Swamp:2  | Acquired 1086 gold pieces
 47232 | Swamp:3  | Noticed Jorgrun
 48411 | Swamp:3  | Killed Jorgrun
 49550 | Spider:1 | Entered Level 1 of the Spider Nest
 50340 | Spider:1 | You fall into a shaft and drop 1 floor!
 50761 | Spider:2 | Noticed Arachne
 50773 | Spider:2 | Killed Arachne
 52211 | Spider:2 | Reached skill level 15 in Fighting
 53184 | Spider:3 | Reached skill level 10 in Dodging
 53535 | Spider:2 | Upgraded the game from 0.30-a0-23-ge60ba3568b to
                  | 0.30-a0-29-g142975f185
 54997 | Spider:4 | Entered Level 4 of the Spider Nest
 56411 | Spider:4 | Reached XP level 19. HP: 170/170 MP: 24/37
 56810 | Spider:4 | Reached skill level 17 in Earth Magic
 57154 | Spider:4 | Reached skill level 10 in Conjurations
 58421 | Spider:4 | Identified the +1 rapier of Kismet {venom, rF+}
 59420 | Spider:4 | Got a gossamer rune of Zot
 59608 | Swamp:4  | Entered Level 4 of the Swamp
 60386 | Swamp:4  | Noticed the 27-headed Lernaean hydra
 60700 | Swamp:4  | Reached skill level 10 in Spellcasting
 61541 | Swamp:4  | Killed the 27-headed Lernaean hydra
 62010 | Swamp:4  | Got a decaying rune of Zot
 62944 | Swamp:4  | Noticed MisterPants's ghost (journeyman FeSu)
 62964 | Swamp:4  | Found a transporter.
 62968 | Swamp:4  | Found a transporter.
 63641 | Swamp:4  | Killed MisterPants's ghost
 64129 | Depths:2 | Found a one-way gate leading to the halls of Pandemonium.
 64231 | Depths:2 | Found a magical portal.
 64310 | WizLab   | Entered Cigotuvi's Fleshworks
 66100 | WizLab   | Got Cigotuvi's Parchment of Ghastly Shaping
 66107 | WizLab   | Got the Codex of Shapeshifting
 66137 | WizLab   | Paralysed by a floating eye for 2 turns
 66252 | WizLab   | Found the -2 hat of the Alchemist {rElec rPois rF+ rC+ rN+
                  | Will+ rMut rCorr}
 66269 | WizLab   | Paralysed by a floating eye for 4 turns
 66567 | Depths:2 | Reached XP level 20. HP: 181/181 MP: 15/40
 66791 | Depths:2 | Acquired 798 gold pieces
 66805 | Depths:2 | Noticed uglyjohn's ghost (adept MiFi)
 66806 | Depths:2 | Found a transporter.
 66806 | Depths:2 | Identified the +8 great mace of Gozag, Building {vorpal,
                  | rC+ rN++ rCorr Int-4}
 66810 | Depths:2 | Found a transporter.
 67335 | Depths:2 | You fall into a shaft and drop 1 floor!
 67750 | Depths:2 | Reached skill level 10 in Shields
 68673 | Depths:3 | Found a one-way gate to the infinite horrors of the Abyss.
 68796 | Depths:3 | HP: 7/184 [deep troll shaman (18)]
 68796 | Depths:3 | Slain by a death yak

Illustrated notes

Levels and vault maps discovered:
D:1:      dpeg_arrival_rhombus, layout_basic
D:2:      layout_loops_ring, basic_altar
D:3:      layout_loops_ring, mainiacjoe_overflow_boulevard, tso_altar,
          serial_shops, nicolae_shop_competitors_out_of_business,
          gammafunk_ghost_nasty_kobolds, dreamdust_ecumenical_altar_grove,
          minivault_5
D:4:      layout_basic, st_stairs_8, grunt_tough_drop
D:5:      layout_cave_pools, minmay_temple_entry_from_below_a
D:6:      layout_gridville, uniq_sigmund
D:7:      layout_cave_pools, serial_shops, shop, nicolae_stop_n_shop_2, shop,
          shop_fountains, uniq_menkaure
D:8:      layout_loops_corners, uniq_gastronok, uniq_grum
D:9:      cheibrodos_helix_gallery, layout_loops_ring, enter_bailey_5
D:10:     nzn_winding_woodlands_medium [nzn_winding_woodlands_5x5_checkerboard,
          nzn_winding_woodlands_5x15_cabin,
          nzn_winding_woodlands_5x5_closed_star,
          nzn_winding_woodlands_5x5_open_star,
          nzn_winding_woodlands_center_diamonds,
          nzn_winding_woodlands_hourglass, nzn_winding_woodlands_5x5_three,
          nzn_winding_woodlands_5x15_pockets, nzn_winding_woodlands_5x5_cross],
          layout_basic, lemuel_mausoleum_altar_kikubaaqudgha,
          mainiacjoe_overflow_small_starburst, serial_shops,
          nicolae_diamond_shop, hangedman_weighted_door
D:11:     layout_roguey, orc_0_dummy, serial_shops, nicolae_stop_n_shop_1,
          ebering_ghost_gozag
D:12:     layout_loops_cross
D:13:     layout_long_grid, trog_hazing_becter
D:14:     layout_irregular_city, skrybe_vaults_entry_preservation,
          portal_ice_cave_entry_pillars_1, hangedman_decor_push,
          amcnicky_mini_pool_medium
D:15:     gammafunk_enter_depths_forms, layout_cave_pools,
          hangedman_decor_diamond_cutter, chequers_arboretum
Lair:1:   layout_concentric_octagons, ebering_ghost_inner_flame,
          chequers_serial_rivers_micro_d, kennysheep_abandoned_house,
          lemuel_fruit_fields, grunt_megastairs_4, serial_bayou_shore_a
Lair:2:   layout_chaotic_city, minmay_swamp_entry_worms,
          spider_nest_entry_web_field
Lair:3:   layout_cave_pods, cheibrodos_lair_lostbears, lemuel_fruit_tree,
          grunt_megastairs_3, lemuel_fruit_fields, uniq_amaemon, uniq_rupert
Lair:4:   layout_regular_city, minmay_slime_entry_oklob_open,
          grunt_megastairs_5, uniq_sonja, uniq_kirke, uniq_urug
Lair:5:   gammafunk_lair_ancient_temple, layout_cave_pods
Swamp:1:  layout_falls_marsh, gammafunk_ghost_cemetery,
          evilmike_swamp_ruin_rubble_1, swamp_pool1,
          nicolae_swamp_trees_clearing
Swamp:2:  layout_basic_swamp, nicolae_swamp_tree_isthmus, swamp_pool1,
          infiniplex_staircase_pool_2
Swamp:3:  layout_falls_marsh, nicolae_swamp_fairy_circle, uniq_jorgrun
Swamp:4:  grunt_swamp_rune_castle, layout_basic_swamp,
          gammafunk_ghost_wrathful_warriors, swamp_pool1, hangedman_swamp_pad,
          nicolae_swamp_bunyip_nook
Spider:1: layout_cave_pods
Spider:2: layout_spider_delve, nicolae_spider_bug_shape, uniq_arachne
Spider:3: layout_spider_delve
Spider:4: grunt_spider_rune_circles
Orc:1:    emtedronai_trogs_sanctum, layout_caves, special_room
          [special_room_orc], uniq_josephine
Orc:2:    pubby_orc_utopia
Depths:1: layout_gridlike, enter_ziggurat_b, hell_entry,
          lightli_fourway_metalbox, roderic_lattice_octagonal_star,
          grunt_megastairs_2, uniq_sojobo
Depths:2: abrahamwl_protected_by_tso_3, layout_basic, hangedman_ru_absence,
          gammafunk_ghost_smash, pan_entry, hell_entry,
          infiniplex_enter_wizlab_water
Depths:3: minmay_tri_stars, layout_basic, abyss_entry,
          grunt_hell_entry_dis_grunt, kennysheep_another_room,
          minmay_staircase_statues_hall_small

Skill      XL: |  1  2  3  4  5  6  7  8  9 10 11 12 13 14 15 16 17 18 19 20 |
---------------+-------------------------------------------------------------+-----
Fighting       | 1 2 3 4 5 6 7 8 9 10 12 13 14 15 16 | 16.4
Earth Magic    | 3 4 5 6 7 8 9 11 13 14 15 16 17 | 17.9
Shields        | 1 3 4 5 6 7 9 10 | 10.2
Evocations     | 2 4 |  4.0
Necromancy     | 1 3 9 10 11 12 | 12.0
Spellcasting   | 3 5 6 8 9 10 11 | 11.0
Armour         | 1 2 3 |  3.0
Transmutations | 7 9 10 11 12 | 12.0
Conjurations   | 3 6 8 9 11 | 11.6
Dodging        | 7 10 12 | 12.0
Throwing       | |  1.0
Summonings     | |  1.7

Action                   |  1- 3 |  4- 6 |  7- 9 | 10-12 | 13-15 | 16-18 | 19-21 || total
-------------------------+-------+-------+-------+-------+-------+-------+-------++-------
Melee: Dagger            |    20 |     9 |       |       |       |       |       ||    29
       Punch             |       |     1 |       |       |       |       |       ||     1
       Short sword       |       |       |    48 |    26 |   317 |       |       ||   391
       Kick              |       |       |       |       |    58 |    61 |    18 ||   137
       Staff             |       |       |       |       |    25 |   383 |    89 ||   497
 Cast: Sandblast         |    32 |    93 |   111 |    99 |   261 |    17 |       ||   613
       Borgnjor's Vile C |       |       |       |     4 |    95 |   206 |   101 ||   406
       Stone Arrow       |       |       |       |       |   478 |   843 |     6 ||  1327
       Statue Form       |       |       |       |       |    32 |    80 |     5 ||   117
       Iron Shot         |       |       |       |       |       |    87 |   209 ||   296
Evoke: Wand              |       |       |     1 |     5 |     3 |    32 |    12 ||    53
       Condenser vane    |       |       |       |       |     1 |     6 |     1 ||     8
       Tin of tremorston |       |       |       |       |       |     5 |     5 ||    10
       Lightning rod     |       |       |       |       |       |       |     8 ||     8
       Phantom mirror    |       |       |       |       |       |       |     1 ||     1
  Use: Scroll            |       |       |    19 |     1 |    10 |    11 |     8 ||    49
       Potion            |       |       |       |     4 |     3 |     6 |     6 ||    19
 Stab: Invisible         |       |       |       |       |       |     1 |       ||     1
       Confused          |       |       |       |       |       |     1 |       ||     1
Armor: Robe              |    10 |    10 |       |       |       |       |       ||    20
       Ring mail         |       |     6 |    58 |    32 |   331 |       |       ||   427
       Skin              |       |       |       |       |   365 |   582 |    70 ||  1017
       Leather armour    |       |       |       |       |     1 |   202 |   139 ||   342
Dodge: Dodged            |    17 |    26 |    38 |    26 |   457 |   709 |   270 ||  1543
Block: Kite shield       |       |     3 |    61 |    35 |   681 |     8 |       ||   788
       Tower shield      |       |       |       |       |       |  1683 |   445 ||  2128

Table legend: (Time is in decaauts)
 A = Elapsed time spent in this place.
 B = Non-inter-level travel time spent in this place.
 C = Inter-level travel time spent in this place.
 D = Time resting spent in this place.
 E = Time spent auto-exploring this place.
 F = Levels seen in this place.
 G = Mean time per level.
                   A        B        C        D        E       F      G
               +--------+--------+--------+--------+--------+-----+--------+
         Total |  73372 |  70421 |   2951 |  21550 |  36500 |  36 | 2038.1 |
       Dungeon |  22785 |  21193 |   1592 |   3224 |  14676 |  15 | 1519.0 |
          Lair |  12234 |  11663 |    571 |   3184 |   6963 |   5 | 2446.8 |
         Swamp |  10633 |  10339 |    294 |   5354 |   3480 |   4 | 2658.2 |
   Spider Nest |  10511 |  10305 |    206 |   4933 |   3615 |   4 | 2627.8 |
  Orcish Mines |   6435 |   6270 |    165 |   1341 |   3579 |   2 | 3217.5 |
        Depths |   5534 |   5414 |    120 |   1365 |   2966 |   3 | 1844.7 |
        Bailey |    468 |    468 |      0 |    213 |     36 |   1 |  468.0 |
      Ice Cave |   2529 |   2529 |      0 |    756 |    889 |   1 | 2529.0 |
        Wizlab |   2240 |   2240 |      0 |   1179 |    294 |   1 | 2240.0 |
               +--------+--------+--------+--------+--------+-----+--------+

Top non-repeatable levels by time:
   Orc:2: 4025 daAuts
Spider:2: 3884 daAuts
    D:14: 3337 daAuts
Depths:1: 3039 daAuts
  Lair:4: 3034 daAuts
    D:11: 3030 daAuts
 Swamp:2: 2949 daAuts
Spider:4: 2921 daAuts
 Swamp:4: 2869 daAuts
 Swamp:3: 2692 daAuts
  Lair:2: 2543 daAuts
   IceCv: 2529 daAuts
Spider:3: 2498 daAuts
  Lair:5: 2418 daAuts
   Orc:1: 2410 daAuts
